 Dungeon Crawl Stone Soup version 0.31-a0-221-gbddc013574 (webtiles) character file.

Game seed: 8091585202080285870

53 qw the Shooter (level 3, 0/21 HPs)
             Began as a Gargoyle Hexslinger on July 4, 2023.
             Slain by a goblin
             ... wielding a +0 club
              (3 damage)
             ... on level 2 of the Dungeon.
             The game lasted 00:00:28 (853 turns).

qw the Shooter (Gargoyle Hexslinger)                 Turns: 853, Time: 00:00:29

Health: 0/21       AC:  8    Str: 11    XL:     3   Next: 87%
Magic:  4/4        EV: 10    Int: 13    God:
Gold:   88         SH:  0    Dex: 14    Spells: 3/4 levels left

rFire   . . .        Y - +1 sling (chaos)
rCold   + . .        (no shield)
rNeg    + . .        g - +0 ring mail
rPois   inf          (no helmet)
rElec   +            (no cloak)
rCorr   .            (no gloves)
SInv    .            (no boots)
Will    .....        (no amulet)
Stlth   +            f - ring of protection from cold
HPRegen 0.23/turn    (no ring)
MPRegen 0.09/turn

%: no passive effects
@: no status effects
A: sickness immunity, AC +3, negative energy resistance 1, electricity
resistance, torment resistance 1, petrification resistance
a: no special abilities


You were on level 2 of the Dungeon.
You visited 1 branch of the dungeon, and saw 2 of its levels.

You collected 88 gold pieces.


Innate Abilities, Weirdness & Mutations

You are immune to sickness and miasma.
Your stone body is resilient. (AC +3)
You are immune to poison.
You resist negative energy. (rN+)
You are resistant to electric shocks. (rElec)
You are resistant to unholy torment.
You are immune to petrification.


   Skills:
 - Level 2.1 Fighting
 + Level 3.6 Ranged Weapons
 - Level 1.5 Dodging
 - Level 1.0 Spellcasting
 - Level 2.6 Hexes


You had 3 spell levels left.
You knew the following spells:

 Your Spells              Type           Power      Damage    Failure   Level
a - Slow                  Hex            28%        N/A       22%         1

Your spell library contained the following spells:

 Spells                   Type           Power      Damage    Failure   Level
 Inner Flame              Hex/Fire       4%         N/A       75%         3
 Portal Projectile        Hex/Tloc       8%         N/A       75%         3
 Cause Fear               Hex            3%         N/A       92%         4

Inventory:

Hand Weapons
 Y - a +1 sling of chaos (weapon)
Armour
 g - a +0 ring mail (worn)
Jewellery
 b - the ring "Ynkom" {Ice Will+}
   (You found it on level 2 of the Dungeon)

   [ring of ice]

   It enhances your ice magic.
   rF:        It makes you vulnerable to fire.
   rC:        It protects you from cold.
   Will:      It increases your willpower.
 f - a ring of protection from cold (left hand)
Scrolls
 a - a scroll of teleportation {unknown}
 h - a scroll of enchant armour
Potions
 c - a potion of degeneration {unknown}
 i - a potion of mutation {unknown}
 k - a potion of brilliance {unknown}

Dungeon Overview and Level Annotations

Branches:
Dungeon (2/15)

Altars:


Message History

You shoot a sling bullet.
The sling bullet barely misses the adder.
The adder bites you. The adder bites you but does no damage.
The goblin closely misses you. The adder closely misses you.
The goblin hits you but does no damage.
You shoot a sling bullet.
The sling bullet closely misses the adder.
The adder barely misses you. x2; The goblin hits you but does no damage.
You shoot a sling bullet. The sling bullet misses the adder.
The adder bites you but does no damage. x2; The goblin barely misses you.
The adder barely misses you.
You shoot a sling bullet. The sling bullet hits the adder.
The adder is moderately wounded.
The adder bites you but does no damage. The goblin hits you but does no damage.
The adder bites you but does no damage. The goblin misses you.
You shoot a sling bullet. The sling bullet hits the adder.
The adder seems to speed up.
The adder is severely wounded.
The adder bites you but does no damage. The adder closely misses you.
The adder barely misses you. The goblin hits you with a +0 club.
You shoot a sling bullet. The sling bullet hits the adder.
The adder suddenly seems more resistant.
The adder is severely wounded.
The adder closely misses you. The adder bites you but does no damage.
The goblin hits you but does no damage. The adder bites you but does no damage.
You shoot a sling bullet.
The sling bullet closely misses the adder.
The adder barely misses you. The goblin hits you but does no damage.
The adder bites you but does no damage. The goblin barely misses you.
The adder barely misses you.
You shoot a sling bullet. The sling bullet hits the adder.
The adder is almost dead.
The adder bites you. The adder closely misses you.
The goblin completely misses you.
You shoot a sling bullet.
The sling bullet hits the adder but does no damage.
The adder is almost dead.
The adder is no longer berserk.
The adder closely misses you. The adder bites you.
The goblin hits you with a +0 club.
You die...

### ..# ..# ..# ..# #
..##.# #
.#.#.##############.#
..#..#...........g..#.#.
.#.#.#.######...@S......
.#.#.#.# #.#####.#...
#..%.#.# #.# .#...#.#
#.# ##...#.# #.#
.......# #.# ##..####
#.# #..# #. #..#


You could see an adder (fast, resistant, slow) and a goblin.

Vanquished Creatures
  An adder (D:2)
  A worm (D:2)
  A dart slug (D:1)
  3 endoplasms
  3 goblins (D:1)
  2 hobgoblins (D:1)
  A quokka (D:1)
  5 ball pythons
  11 bats
  5 frilled lizards (D:1)
  2 kobolds (D:1)
  3 rats (D:1)
38 creatures vanquished.

Notes
Turn   | Place    | Note
-------+----------+-------------------------------------------
     0 | D:1      | qw the Gargoyle Hexslinger began the quest for the Orb.
     0 | D:1      | Reached XP level 1. HP: 12/12 MP: 2/2
     0 | D:1      | 0 ||| qw: Version: 0.3-a-41-g9d075ac
     0 | D:1      | 0 ||| qw: Game counter: 840
     0 | D:1      | 0 ||| qw: Melee chars always use a shield: true
     0 | D:1      | 0 ||| qw: God list: Okawaru
     0 | D:1      | 0 ||| qw: Allow faded altars: false
     0 | D:1      | 0 ||| qw: Do Orc after clearing Dungeon:15 true
     0 | D:1      | 0 ||| qw: Do second Lair branch before Depths: true
     0 | D:1      | 0 ||| qw: Lair rune preference: random
     0 | D:1      | 0 ||| qw: Goals: Normal
     0 | D:1      | 0 ||| PLANNING D:1-11
    55 | D:1      | Reached XP level 2. HP: 16/16 MP: 3/3
   101 | D:1      | Reached skill level 3 in Ranged Weapons
   318 | D:1      | Reached XP level 3. HP: 14/21 MP: 4/4
   662 | D:1      | 662 ||| UPGRADING to +0 ring mail.
   672 | D:1      | 672 ||| DROPPING +0 robe.
   673 | D:1      | 673 ||| UPGRADING to ring of protection from cold.
   674 | D:1      | 674 ||| READING scroll labelled OZOTWU ELAJIH.
   675 | D:1      | 675 ||| READING 2 scrolls labelled ZOADOOWKUZURY.
   676 | D:1      | 676 ||| READING 2 scrolls labelled ASIKHA VOFOTAG.
   677 | D:1      | 677 ||| READING scroll labelled MECLEU QOCLOE.
   678 | D:1      | 678 ||| READING 2 scrolls labelled HIB XUASUHUHI.
   679 | D:1      | 679 ||| DROPPING scroll of poison.
   680 | D:1      | 680 ||| DROPPING scroll of amnesia.
   681 | D:1      | 681 ||| DROPPING scroll of vulnerability.
   726 | D:2      | Identified the ring "Ynkom" {Ice Will+}
   852 | D:2      | HP: 4/21 [adder (5)]
   853 | D:2      | Slain by a goblin

Levels and vault maps discovered:
D:1:      dpeg_arrival_tiny_i, layout_loops_ring, minmay_box_of_dots
D:2:      layout_loops_ring

Skill      XL: |  1  2  3 |
---------------+----------+-----
Ranged Weapons | 3 |  3.6
Fighting       | 2 |  2.1
Dodging        | |  1.5
Spellcasting   | |  1.0
Hexes          | |  2.6

Action                     || total
---------------------------++-------
   Fire: Sling             ||   128
    Use: Scroll            ||     5
 Armour: Robe              ||    11
         Ring mail         ||    42
  Dodge: Dodged            ||    50

Table legend:
 A = Non-vault XP
 B = Vault XP
 C = Vault XP percentage of total XP
 D = Non-vault monster count
 E = Vault monster count
 F = Vault count percentage of total count
                 A         B        C        D         E       F
            +---------+---------+-------+---------+---------+-------
      Total |      68 |       8 |  10.5 |      33 |       5 |  13.2
            +---------+---------+-------+---------+---------+-------
        D:1 |      43 |       8 |  15.7 |      27 |       5 |  15.6
        D:2 |      25 |       0 |   0.0 |       6 |       0 |   0.0
            +---------+---------+-------+---------+---------+-------
